| TOP OF THE 1ST |
|
Fort Myers Miracles batting - Pitching for Clearwater Threshers : RHP Sandy Danielsen
|
|
Pitching: RHP Sandy Danielsen
|
|
|
Batting: SHB Ronnie Chapman
|
0-0: Ball 1-0: Called Strike 1-1: Ball 2-1: Foul Ball, location: 2F 2-2: Foul Ball, location: 2F 2-2: Ball 3-2: Ground out 3-1 (Groundball, 34, EV 82.5 MPH)
|
|
Batting: RHB T.J. Stout
|
0-0: Ball 1-0: Called Strike 1-1: Ball 2-1: Fly out, F9 (Flyball, 9S, EV 87.5 MPH)
|
|
Batting: RHB Bobby Hinson
|
0-0: Called Strike 0-1: Ball 1-1: Ground out 4-3 (Groundball, 4, EV 100.0 MPH)
|
| Top of the 1st over - 0 runs, 0 hits, 0 errors, 0 left on base; Fort Myers 0 - Clearwater 0 |
| BOTTOM OF THE 1ST |
|
Clearwater Threshers batting - Pitching for Fort Myers Miracles : RHP David Valerio
|
|
Pitching: RHP David Valerio
|
|
|
Batting: LHB Tom Jones
|
0-0: Swinging Strike 0-1: Swinging Strike 0-2: Ball 1-2: Strikes out swinging
|
|
Batting: RHB Vincent Beringhele
|
0-0: Called Strike 0-1: Ball 1-1: Called Strike 1-2: Foul Ball, location: 2F 1-2: Strikes out swinging
|
|
Batting: RHB Roy Wolfe
|
0-0: Called Strike 0-1: Ball 1-1: Swinging Strike 1-2: Foul Ball, location: 2F 1-2: Foul Ball, location: 2F 1-2: Ball 2-2: Ball 3-2: Strikes out swinging
|
| Bottom of the 1st over - 0 runs, 0 hits, 0 errors, 0 left on base; Fort Myers 0 - Clearwater 0 |
| TOP OF THE 2ND |
|
Fort Myers Miracles batting - Pitching for Clearwater Threshers : RHP Sandy Danielsen
|
|
Batting: SHB Moses Coleman
|
0-0: Called Strike 0-1: Called Strike 0-2: Strikes out swinging
|
|
Batting: LHB Abraham Becerra
|
0-0: Ball 1-0: Ball 2-0: Called Strike 2-1: Foul Ball, location: 2F 2-2: Ground out 6-3 (Groundball, 6, EV 101.3 MPH)
|
|
Batting: RHB Michael Saccocio
|
0-0: Foul Ball, location: 2F 0-1: Ball 1-1: Called Strike 1-2: Strikes out swinging
|
| Top of the 2nd over - 0 runs, 0 hits, 0 errors, 0 left on base; Fort Myers 0 - Clearwater 0 |
| BOTTOM OF THE 2ND |
|
Clearwater Threshers batting - Pitching for Fort Myers Miracles : RHP David Valerio
|
|
Batting: RHB Cliff Pastornicky
|
0-0: Foul Ball, location: 2F 0-1: Ball 1-1: Called Strike 1-2: Fly out, F8 (Line Drive, 8LD, EV 94.4 MPH)
|
|
Batting: RHB John Smith
|
0-0: Ball 1-0: Called Strike 1-1: Ball 2-1: Ball 3-1: Called Strike 3-2: Fly out, F7 (Flyball, 78M, EV 89.4 MPH)
|
|
Batting: RHB Sean Severns
|
0-0: Ball 1-0: DOUBLE (Line Drive, 7LS, EV 103.1 MPH)
|
|
Batting: RHB Pete Piskol
|
0-0: Ball 1-0: Ground out 4-3 (Groundball, 4, EV 93.8 MPH)
|
| Bottom of the 2nd over - 0 runs, 1 hit, 0 errors, 1 left on base; Fort Myers 0 - Clearwater 0 |
| TOP OF THE 3RD |
|
Fort Myers Miracles batting - Pitching for Clearwater Threshers : RHP Sandy Danielsen
|
|
Batting: SHB Anthony Long
|
0-0: Called Strike 0-1: Ball 1-1: Ball 2-1: Fly out, F7 (Flyball, 7D, EV 98.8 MPH)
|
|
Batting: LHB Stacey Pettis
|
0-0: Ball 1-0: Ball 2-0: Foul Ball, location: 2F 2-1: Ball 3-1: Swinging Strike 3-2: Base on Balls
|
|
Batting: RHB Rico Escobar
|
0-0: Called Strike 0-1: Ball 1-1: Called Strike 1-2: Ball 2-2: Ball 3-2: Ground out 3-1 (Groundball, 34S, EV 88.1 MPH) Stacey Pettis to second
|
|
Batting: SHB Ronnie Chapman
|
0-0: Foul Ball, location: 2F 0-1: Fly out, F8 (Flyball, 8RM, EV 88.1 MPH)
|
| Top of the 3rd over - 0 runs, 0 hits, 0 errors, 1 left on base; Fort Myers 0 - Clearwater 0 |
| BOTTOM OF THE 3RD |
|
Clearwater Threshers batting - Pitching for Fort Myers Miracles : RHP David Valerio
|
|
Batting: RHB Drungo Hazewood
|
0-0: Called Strike 0-1: Ball 1-1: Swinging Strike 1-2: Ball 2-2: Strikes out looking
|
|
Batting: RHB Pedro Hernandez
|
0-0: Ball 1-0: SINGLE (Groundball, 6MD, EV 95.6 MPH)
|
|
Batting: LHB Tom Jones
|
0-0: Ball 1-0: Fly out, F6 (Line Drive, 6, EV 70.0 MPH)
|
|
Batting: RHB Vincent Beringhele
|
0-0: Called Strike 0-1: Ball 1-1: Ball 2-1: Ground out 4-3 (Groundball, 4M, EV 96.9 MPH)
|
| Bottom of the 3rd over - 0 runs, 1 hit, 0 errors, 1 left on base; Fort Myers 0 - Clearwater 0 |
| TOP OF THE 4TH |
|
Fort Myers Miracles batting - Pitching for Clearwater Threshers : RHP Sandy Danielsen
|
|
Batting: RHB T.J. Stout
|
0-0: Foul Ball, location: 2F 0-1: Foul Ball, location: 2F 0-2: Foul Ball, location: 2F 0-2: Foul Ball, location: 2F 0-2: Ball 1-2: Strikes out swinging
|
|
Batting: RHB Bobby Hinson
|
0-0: Swinging Strike 0-1: Ball 1-1: Swinging Strike 1-2: Fly out, F9 (Flyball, 9, EV 95.0 MPH)
|
|
Batting: SHB Moses Coleman
|
0-0: Called Strike 0-1: Ball 1-1: Ball 2-1: Called Strike 2-2: Ground out 4-3 (Groundball, 4, EV 82.5 MPH)
|
| Top of the 4th over - 0 runs, 0 hits, 0 errors, 0 left on base; Fort Myers 0 - Clearwater 0 |
| BOTTOM OF THE 4TH |
|
Clearwater Threshers batting - Pitching for Fort Myers Miracles : RHP David Valerio
|
|
Batting: RHB Roy Wolfe
|
0-0: Called Strike 0-1: Foul Ball, location: 2F 0-2: Ball 1-2: Fly out, F8 (Flyball, 8RM, EV 86.9 MPH)
|
|
Batting: RHB Cliff Pastornicky
|
0-0: Called Strike 0-1: Foul Ball, location: 2F 0-2: Ball 1-2: Ball 2-2: Fly out, F9 (Flyball, 89D, EV 98.8 MPH)
|
|
Batting: RHB John Smith
|
0-0: Called Strike 0-1: Ball 1-1: Swinging Strike 1-2: Ground out 6-3 (Groundball, 6, EV 103.8 MPH)
|
| Bottom of the 4th over - 0 runs, 0 hits, 0 errors, 0 left on base; Fort Myers 0 - Clearwater 0 |
| TOP OF THE 5TH |
|
Fort Myers Miracles batting - Pitching for Clearwater Threshers : RHP Sandy Danielsen
|
|
Batting: LHB Abraham Becerra
|
0-0: Called Strike 0-1: Ball 1-1: Foul Ball, location: 2F 1-2: Strikes out swinging
|
|
Batting: RHB Michael Saccocio
|
0-0: Fly out, F7 (Flyball, 7LS, EV 80.0 MPH)
|
|
Batting: SHB Anthony Long
|
0-0: Ball 1-0: Foul Ball, location: 2F 1-1: Ball 2-1: Ground out 4-3 (Groundball, 4, EV 88.8 MPH)
|
| Top of the 5th over - 0 runs, 0 hits, 0 errors, 0 left on base; Fort Myers 0 - Clearwater 0 |
| BOTTOM OF THE 5TH |
|
Clearwater Threshers batting - Pitching for Fort Myers Miracles : RHP David Valerio
|
|
Batting: RHB Sean Severns
|
0-0: Ball 1-0: Ball 2-0: Ball 3-0: Base on Balls
|
|
Batting: RHB Pete Piskol
|
0-0: Called Strike 0-1: Ball 1-1: Ball 2-1: Foul Ball, location: 2F 2-2: Ball 3-2: Foul Ball, location: 2F 3-2: Strikes out swinging
|
|
Batting: RHB Drungo Hazewood
|
0-0: Ball 1-0: Ground out 3-1 (Groundball, 34S, EV 87.5 MPH) Sean Severns to second
|
|
Batting: RHB Pedro Hernandez
|
0-0: DOUBLE (Line Drive, 89D, EV 107.5 MPH) Sean Severns scores
|
|
Batting: LHB Tom Jones
|
0-0: Ball 1-0: Swinging Strike 1-1: Called Strike 1-2: Ball 2-2: Strikes out looking
|
| Bottom of the 5th over - 1 run, 1 hit, 0 errors, 1 left on base; Fort Myers 0 - Clearwater 1 |
| TOP OF THE 6TH |
|
Fort Myers Miracles batting - Pitching for Clearwater Threshers : RHP Sandy Danielsen
|
|
Batting: LHB Stacey Pettis
|
0-0: Swinging Strike 0-1: Ball 1-1: Ball 2-1: Called Strike 2-2: Strikes out swinging
|
|
Batting: RHB Rico Escobar
|
0-0: Ball 1-0: Ball 2-0: Ground out 6-3 (Groundball, 6S, EV 78.1 MPH)
|
|
Batting: SHB Ronnie Chapman
|
0-0: Ball 1-0: Ball 2-0: Ground out 6-3 (Groundball, 6, EV 103.1 MPH)
|
| Top of the 6th over - 0 runs, 0 hits, 0 errors, 0 left on base; Fort Myers 0 - Clearwater 1 |
| BOTTOM OF THE 6TH |
|
Clearwater Threshers batting - Pitching for Fort Myers Miracles : RHP David Valerio
|
|
Batting: RHB Vincent Beringhele
|
0-0: Ball 1-0: Called Strike 1-1: DOUBLE (Groundball, 5L, EV 106.3 MPH)
|
|
Batting: RHB Roy Wolfe
|
0-0: Ball 1-0: Swinging Strike 1-1: Ground out 5-3 (Groundball, 5, EV 86.9 MPH)
|
|
Batting: RHB Cliff Pastornicky
|
0-0: Ball 1-0: Foul Ball, location: 2F 1-1: Ground out 6-3 (Groundball, 6, EV 85.6 MPH) Vincent Beringhele to third
|
|
Batting: RHB John Smith
|
0-0: Called Strike 0-1: Ball 1-1: Ball Wild Pitch! Vincent Beringhele scores 2-1: Foul Ball, location: 2F 2-2: Ground out 6-3 (Groundball, 6S, EV 76.9 MPH)
|
| Bottom of the 6th over - 1 run, 1 hit, 0 errors, 0 left on base; Fort Myers 0 - Clearwater 2 |
| TOP OF THE 7TH |
|
Fort Myers Miracles batting - Pitching for Clearwater Threshers : RHP Sandy Danielsen
|
|
Batting: RHB T.J. Stout
|
0-0: Ball 1-0: Foul Ball, location: 2F 1-1: Swinging Strike 1-2: Ground out 4-3 (Groundball, 4S, EV 86.9 MPH)
|
|
Batting: RHB Bobby Hinson
|
0-0: Called Strike 0-1: Ball 1-1: Foul Ball, location: 2F 1-2: Reached on error, E4 (Groundball, 4, EV 106.9 MPH)
|
|
Batting: SHB Moses Coleman
|
0-0: Ball Bobby Hinson steals 2nd base 1-0: Called Strike 1-1: Fly out, F8 (Line Drive, 8LM, EV 100.0 MPH)
|
|
Batting: LHB Abraham Becerra
|
0-0: Swinging Strike 0-1: Fly out, F8 (Flyball, 78M, EV 93.8 MPH)
|
| Top of the 7th over - 0 runs, 0 hits, 1 error, 1 left on base; Fort Myers 0 - Clearwater 2 |
| BOTTOM OF THE 7TH |
|
Clearwater Threshers batting - Pitching for Fort Myers Miracles : RHP David Valerio
|
|
Batting: RHB Sean Severns
|
0-0: Ball 1-0: Swinging Strike 1-1: Ball 2-1: Swinging Strike 2-2: SINGLE (Groundball, 5S, EV 67.5 MPH) (infield hit)
|
|
Batting: RHB Pete Piskol
|
0-0: Ball 1-0: Foul Ball, location: 2F 1-1: Reached on error, E7 (Flyball, 7D, EV 103.8 MPH) Sean Severns to third
|
|
Batting: RHB Drungo Hazewood
|
0-0: Intentional Walk
|
|
Batting: RHB Pedro Hernandez
|
0-0: Ball 1-0: Fly out, F9 (Flyball, 9, EV 81.3 MPH) Runner from 3rd tags up, SCORES, throw by RF Pete Piskol to third
|
|
Pitching: RHP Roberto Galvez
|
|
|
Batting: LHB Tom Jones
|
0-0: Ball Drungo Hazewood steals 2nd base (no throw) 1-0: Ball 2-0: DOUBLE (Line Drive, 7LM, EV 102.5 MPH) Pete Piskol scores Drungo Hazewood scores
|
|
Batting: RHB Vincent Beringhele
|
0-0: Called Strike 0-1: Ball 1-1: Called Strike 1-2: Foul Ball, location: 2F 1-2: Strikes out swinging
|
|
Batting: RHB Roy Wolfe
|
0-0: Called Strike 0-1: Foul Ball, location: 2F 0-2: Foul Ball, location: 2F 0-2: Foul Ball, location: 2F 0-2: Foul Ball, location: 2F 0-2: Ball 1-2: Strikes out looking
|
| Bottom of the 7th over - 3 runs, 2 hits, 1 error, 1 left on base; Fort Myers 0 - Clearwater 5 |
| TOP OF THE 8TH |
|
Fort Myers Miracles batting - Pitching for Clearwater Threshers : RHP Sandy Danielsen
|
|
Batting: RHB Michael Saccocio
|
0-0: Ground out U3 (Groundball, 3, EV 106.3 MPH)
|
|
Batting: SHB Anthony Long
|
0-0: Ball 1-0: Ground out 4-3 (Groundball, 34, EV 101.3 MPH)
|
|
Batting: LHB Stacey Pettis
|
0-0: Called Strike 0-1: Swinging Strike 0-2: Ball 1-2: Ground out 5-3 (Groundball, 56, EV 101.9 MPH)
|
| Top of the 8th over - 0 runs, 0 hits, 0 errors, 0 left on base; Fort Myers 0 - Clearwater 5 |
| BOTTOM OF THE 8TH |
|
Clearwater Threshers batting - Pitching for Fort Myers Miracles : RHP Roberto Galvez
|
|
Batting: RHB Cliff Pastornicky
|
0-0: Called Strike 0-1: Ball 1-1: Called Strike 1-2: Ball 2-2: Fly out, F7 (Flyball, 78D, EV 88.1 MPH)
|
|
Batting: RHB John Smith
|
0-0: Called Strike 0-1: Ball 1-1: Foul Ball, location: 2F 1-2: Ball 2-2: Strikes out swinging
|
|
Batting: RHB Sean Severns
|
0-0: Foul Ball, location: 2F 0-1: Ball 1-1: Ball 2-1: Ground out 6-3 (Groundball, 6, EV 100.6 MPH)
|
| Bottom of the 8th over - 0 runs, 0 hits, 0 errors, 0 left on base; Fort Myers 0 - Clearwater 5 |
| TOP OF THE 9TH |
|
Fort Myers Miracles batting - Pitching for Clearwater Threshers : RHP Sandy Danielsen
|
|
Batting: RHB Rico Escobar
|
0-0: Fly out, F9 (Flyball, 89D, EV 98.8 MPH)
|
|
Batting: SHB Ronnie Chapman
|
0-0: Ball 1-0: Ball 2-0: Ground out 6-3 (Groundball, 6M, EV 86.3 MPH)
|
|
Batting: RHB T.J. Stout
|
0-0: Called Strike 0-1: Ball 1-1: Swinging Strike 1-2: Strikes out looking
|
| Top of the 9th over - 0 runs, 0 hits, 0 errors, 0 left on base; Fort Myers 0 - Clearwater 5 |
|